 Dungeon Crawl Stone Soup version 0.30-a0-743-gbfdf073431 (webtiles) character file.

Game seed: 317960726677864284

3871 BRD the Fighter (level 10, 0/85 HPs)
             Began as a Demonspawn Fighter on Feb 6, 2023.
             Was a Follower of Cheibriados.
             Slain by a gnoll sergeant
             ... wielding a +0 halberd
              (3 damage)
             ... in a bailey.
             The game lasted 00:12:05 (8567 turns).

BRD the Fighter (Demonspawn Fighter)                Turns: 8567, Time: 00:12:05

Health: 0/85       AC: 20    Str: 23    XL:     10   Next: 0%
Magic:  0/10       EV:  7    Int: 13    God:    Cheibriados [*.....]
Gold:   1255       SH:  5    Dex: 16    Spells: 9/9 levels left

rFire   + . .      SeeInvis .    a - +1 war axe
rCold   . . .      Faith    .    c - +0 buckler
rNeg    . . .      Spirit   +    e - +2 chain mail {rF+}
rPois   +          Reflect  .    (helmet restricted)
rElec   .          Harm     .    I - +1 cloak {rPois}
rCorr   .          Rampage  .    s - +0 pair of gloves
Will    .....                    (no boots) Stlth
                                 n - amulet of guardian spirit
HPRegen 0.34/turn                j - +4 ring of protection
MPRegen 0.12/turn                (no ring)

@: very slow
A: horns 2, sharp scales 1, demonic magic 2
a: Renounce Religion, Bend Time


You were in a bailey.
You worshipped Cheibriados.
Cheibriados was aware of your devotion.
You visited 2 branches of the dungeon, and saw 9 of its levels.
You also visited: Sewer and Bailey.

You collected 1255 gold pieces.

Inventory:

Hand Weapons
 a - a +1 war axe (weapon)
Missiles
 g - 2 throwing nets (quivered)
 w - a curare-tipped dart
 A - 8 poisoned darts
Armour
 c - a +0 buckler (worn)
 e - a +2 chain mail of fire resistance (worn)
 s - a +0 pair of gloves (worn)
 I - a +1 cloak of poison resistance (worn)
Jewellery
 j - a +4 ring of protection (left hand)
 n - an amulet of guardian spirit (around neck)
Scrolls
 h - 2 scrolls of poison {unknown}
 k - 2 scrolls of teleportation {unknown}
 l - a scroll of fear {unknown}
 p - 2 scrolls of identify {unknown}
 v - 3 scrolls of immolation
 x - 4 scrolls of enchant weapon
 z - a scroll of vulnerability {unknown}
 C - a scroll of enchant armour {unknown}
 F - a scroll of noise {unknown}
Potions
 b - 3 potions of flight {unknown}
 d - a potion of magic {unknown}
 f - 3 potions of degeneration {unknown}
 i - 3 potions of cancellation {unknown}
 m - 2 potions of berserk rage {unknown}
 o - a potion of haste
 q - a potion of resistance {unknown}
 r - 2 potions of curing
 t - a potion of might
 u - a potion of invisibility {unknown}
 B - a potion of heal wounds {unknown}
 D - a potion of brilliance {unknown}
 E - 2 potions of attraction {unknown}
 G - a potion of ambrosia {unknown}
 H - 2 potions of lignification {unknown}


   Skills:
 + Level 10.2 Fighting
 + Level 9.0 Axes
 - Level 5.0 Armour
 - Level 2.6 Shields


You had 9 spell levels left.
You didn't know any spells.
Your spell library contained the following spells:

 Spells                   Type           Power      Damage    Failure   Level
 Apportation              Tloc           0%         N/A       96%         1
 Cigotuvi's Dreadful Rot  Necr/Pois/Air  0%         N/A       99%         2
 Poisonous Vapours        Pois/Air       0%         N/A       99%         2
 Sublimation of Blood     Necr           0%         N/A       99%         2
 Mephitic Cloud           Conj/Pois/Air  0%         N/A       100%        3
 Petrify                  Tmut/Erth      0%         N/A       100%        4
 Alistair's Intoxication  Tmut/Pois      0%         N/A       100%        5
 Irradiate                Conj/Tmut      0%         3d11      100%        5


Dungeon Overview and Level Annotations

Branches:
Dungeon (8/15)             Temple (1/1) D:6           Sewer (visited)
 Bailey (1/1)
   Lair: D:8-11

Altars:
Ashenzari
Cheibriados
Dithmenos
Gozag
Hepliaklqana
Nemelex Xobeh
Ru
Trog
Uskayaw
Vehumet
Wu Jian
Xom

Shops:
D:1 (

Annotations:
D:3 exclusion: statue Bailey Grum


Innate Abilities, Weirdness & Mutations

You have a pair of horns on your head.
You are partially covered in razor-sharp scales. (AC +1, Slay +1)
Spells you cast may paralyse nearby enemies.


Message History

The wolf attacks as you move away! The wolf barely misses you.
The wolf completely misses you. The wolf bites you.
* * * LOW HITPOINT WARNING * * *
There is an open door here.
The wolf attacks as you move away! The wolf bites you but does no damage.
You block the wolf's attack. You block the gnoll sergeant's attack.
Things that are here:
a +0 trident; a +0 scale mail; a gnoll corpse There's a creature in the doorway!
You hit the wolf. You headbutt the wolf!
The wolf is severely wounded.
The wolf bites you but does no damage.
Grum hits you from afar with a +1 vampiric spear!
* * * LOW HITPOINT WARNING * * *
The wolf bites you but does no damage.
The gnoll sergeant completely misses you.
You completely miss the wolf.
The wolf is severely wounded.
The wolf completely misses you. Grum completely misses you.
The gnoll hits you but does no damage.
The gnoll sergeant hits you from afar with a +0 halberd!
* * * LOW HITPOINT WARNING * * *
The wolf bites you but does no damage. You block Grum's attack.
The wolf bites you but does no damage.
Things that are here:
a +0 halberd; a +0 scale mail; a gnoll corpse The wolf bites you but does no damage. x2
Things that are here:
a +0 halberd; a +0 scale mail; a gnoll corpse The wolf bites you but does no damage.
There is an open gate, spattered with blood here.
The wolf bites you.
* * * LOW HITPOINT WARNING * * *
The wolf bites you.
* * * LOW HITPOINT WARNING * * *
The wolf attacks as you move away! The wolf bites you.
* * * LOW HITPOINT WARNING * * *
The wolf bites you but does no damage.
The gnoll sergeant hits you from afar with a +0 halberd.
You die...

#..≈.♣ #..≈.♣♣ #..≈..♣♣
##### #..≈...♣ ##...##
#..≈...♣
+###.....######..≈...♣♣
..#.......#...).......♣♣♣#
.))...8...g)gggh@...)÷..∩#
.†#.).....#...'.....).♣♣♣#
)###.....######..≈...♣♣ ..
##...## #..≈..♣♣ ..g #####
#..≈..♣ ...g #..≈..♣ ....g
#..≈.♣♣ #.8... #..≈.♣
###### #...≈≈♣♣


You could see Grum, 2 gnoll sergeants, a wolf and a gnoll.

Vanquished Creatures
  Grinder (Sewer)
  Sigmund (D:6)
  A yak (D:5)
  A wyvern (D:8)
  2 steam dragons
  2 water moccasins
  An ice beast (D:6)
  A sky beast (D:6)
  4 ogres
  A wolf (Bailey)
  A centaur (D:7)
  2 kobold brigands (Sewer)
  2 phantoms
  2 bullfrogs (D:6)
  2 scorpions
  A necrophage (D:7)
  3 killer bees (D:8)
  A howler monkey (D:5)
  5 hounds
  2 jellies
  Crazy Yiuf (D:7)
  4 orc priests
  4 gnoll boudas
  4 iguanas
  5 orc wizards
  Robin (D:2)
  9 adders
  19 gnolls
  6 shadow imps
  5 ufetubi
  A worm (D:5)
  6 dart slugs
  39 orcs
  8 ball pythons
  9 endoplasms
  8 giant cockroaches
  14 goblins
  8 hobgoblins
  11 jackals
  6 quokkas
  10 bats
  3 frilled lizards
  23 kobolds
  2 rats
242 creatures vanquished.

Notes
Turn   | Place    | Note
-------+----------+-------------------------------------------
     0 | D:1      | BRD the Demonspawn Fighter began the quest for the Orb.
     0 | D:1      | Reached XP level 1. HP: 18/18 MP: 1/1
    45 | D:1      | Found Luhodien's Weapon Emporium.
   169 | D:1      | Gained mutation: You have a pair of small horns on your
                  | head. [demonic ancestry]
   169 | D:1      | Reached XP level 2. HP: 24/24 MP: 2/2
   405 | D:1      | Found a faded altar of an unknown god.
   490 | D:1      | Gained mutation: You are partially covered in razor-sharp
                  | scales. (AC +1, Slay +1) [demonic ancestry]
   490 | D:1      | Reached XP level 3. HP: 28/29 MP: 3/3
  1138 | D:2      | Reached XP level 4. HP: 32/37 MP: 4/4
  1406 | D:2      | Reached skill level 4 in Fighting
  1453 | D:2      | Noticed Robin
  1464 | D:2      | Gained mutation: Spells you cast may paralyse adjacent
                  | enemies. [demonic ancestry]
  1464 | D:2      | Reached XP level 5. HP: 42/42 MP: 5/5
  1472 | D:2      | Killed Robin
  1792 | D:3      | Found a radiant altar of Vehumet.
  1792 | D:3      | Noticed a charred statue
  2440 | D:4      | Noticed an ogre
  2448 | D:4      | Killed an ogre
  2449 | D:4      | Gained mutation: You have a pair of horns on your head.
                  | [demonic ancestry]
  2449 | D:4      | Reached XP level 6. HP: 21/49 MP: 3/6
  3172 | D:4      | Reached skill level 5 in Fighting
  3788 | D:5      | Entered Level 5 of the Dungeon
  4011 | D:5      | Gained mutation: Spells you cast may paralyse nearby
                  | enemies. [demonic ancestry]
  4011 | D:5      | Reached XP level 7. HP: 56/56 MP: 7/7
  4074 | D:5      | Reached skill level 5 in Armour
  4170 | D:5      | Noticed a yak
  4180 | D:5      | Killed a yak
  4181 | D:5      | Reached skill level 6 in Fighting
  4181 | D:5      | Reached skill level 5 in Axes
  4470 | D:5      | Reached XP level 8. HP: 44/65 MP: 4/8
  4718 | D:5      | Reached skill level 7 in Fighting
  5497 | D:6      | Found a glowing drain.
  5511 | Sewer    | Entered a sewer
  5614 | Sewer    | Found an ancient bone altar of Kikubaaqudgha.
  5615 | Sewer    | Noticed Grinder
  5643 | Sewer    | Killed Grinder
  5644 | Sewer    | Reached skill level 8 in Fighting
  5985 | D:6      | Reached XP level 9. HP: 41/74 MP: 3/9
  6141 | D:6      | Found a sacrificial altar of Ru.
  6210 | D:6      | Noticed Sigmund
  6331 | D:6      | Killed Sigmund
  6697 | D:6      | Found a staircase to the Ecumenical Temple.
  6699 | D:6      | Identified the +5 mace of Fortitude {heavy, Fly rF+}
  6702 | Temple   | Entered the Ecumenical Temple
  6809 | D:6      | Reached skill level 9 in Fighting
  7004 | D:6      | Found a snail-covered altar of Cheibriados.
  7011 | D:6      | Became a worshipper of Cheibriados the Contemplative
  7018 | D:6      | Found a hide-covered altar of Uskayaw.
  7785 | D:7      | Found a runed translucent door.
  7786 | D:7      | Noticed Crazy Yiuf
  7936 | D:7      | Killed Crazy Yiuf
  8108 | D:8      | Found a flagged portal.
  8132 | D:8      | Reached * piety under Cheibriados
  8154 | D:8      | Reached skill level 10 in Fighting
  8208 | Bailey   | Entered a bailey
  8494 | Bailey   | Identified a scroll of acquirement
  8494 | Bailey   | Acquired 768 gold pieces
  8534 | Bailey   | Noticed Grum
  8541 | Bailey   | Reached XP level 10. HP: 58/85 MP: 6/10
  8567 | Bailey   | HP: 3/85 [wolf (4)]
  8567 | Bailey   | Slain by a gnoll sergeant

Illustrated notes

Levels and vault maps discovered:
D:1:      dpeg_arrival_arbitrary_a, layout_basic, serial_shops,
          nicolae_shop_stone, hellmonk_ecumenical_altar_run_dry
D:2:      layout_basic, uniq_robin
D:3:      layout_basic, vehumet_statue, minivault_27, serial_bayou_pond_e
D:4:      layout_cave_pods, serial_co_window_serial, co_window_of_opportunity_a,
          co_window_corner_a, co_window_cross_1, co_window_corner_a,
          co_window_corner_a, co_window_of_opportunity_a, co_window_cross_1,
          co_window_cross_2, co_window_broadway_b, co_window_2corner,
          co_window_broadway_c, co_window_corner_b, co_window_corner_ca
D:5:      minmay_inner_zag, layout_basic
D:6:      layout_layer_cave, nicolae_ru_awakened_eye,
          amethyst_overflow_temple_binary, minmay_temple_entry_offerings,
          gup_sewer_entry_pipe, chequers_serial_rivers_small_b, uniq_sigmund
D:7:      layout_rooms, uniq_crazy_yiuf_cottage
D:8:      layout_basic, minitemple, nzn_makhleb_speed_demon, lair_entry_dummy,
          enter_bailey_2, minmay_misc_feat_five, uniq_maurice
Temple:   nicolae_temple_ecumenical_triangle
Bailey:   bailey_polearm_gnolls_kennysheep, bailey

Skill      XL: |  1  2  3  4  5  6  7  8  9 |
---------------+----------------------------+-----
Axes           | 2 3 4 5 7 9 |  9.0
Armour         | 3 4 5 |  5.0
Fighting       | 4 5 6 8 10 | 10.2
Shields        | |  2.6

Action                     |  1- 3 |  4- 6 |  7- 9 | 10-12 || total
---------------------------+-------+-------+-------+-------++-------
  Melee: War axe           |   101 |   196 |   389 |     8 ||   694
         Headbutt          |    12 |    22 |    65 |     3 ||   102
    Use: Potion            |       |     1 |     1 |     1 ||     3
         Scroll            |       |       |     3 |       ||     3
 Armour: Chain mail        |    97 |   144 |   298 |    25 ||   564
         Scale mail        |     3 |       |       |       ||     3
  Dodge: Dodged            |    36 |    76 |   177 |    17 ||   306
  Block: Buckler           |    33 |    54 |    88 |    10 ||   185

Table legend: (Time is in decaauts)
 A = Elapsed time spent in this place.
 B = Non-inter-level travel time spent in this place.
 C = Inter-level travel time spent in this place.
 D = Time resting spent in this place.
 E = Time spent auto-exploring this place.
 F = Levels seen in this place.
 G = Mean time per level.
                   A        B        C        D        E       F      G
               +--------+--------+--------+--------+--------+-----+--------+
         Total |   9076 |   8627 |    449 |    420 |   6542 |  11 |  825.1 |
       Dungeon |   8270 |   7823 |    447 |    255 |   6191 |   8 | 1033.8 |
        Temple |     31 |     29 |      2 |      0 |     18 |   1 |   31.0 |
         Sewer |    379 |    379 |      0 |      0 |    237 |   1 |  379.0 |
        Bailey |    395 |    395 |      0 |    165 |     95 |   1 |  395.0 |
               +--------+--------+--------+--------+--------+-----+--------+

Top non-repeatable levels by time:
     D:6: 1808 daAuts
     D:5: 1581 daAuts
     D:4: 1434 daAuts
     D:2: 992 daAuts
     D:7: 792 daAuts
     D:1: 775 daAuts
     D:3: 694 daAuts
  Bailey: 395 daAuts
   Sewer: 379 daAuts
     D:8: 191 daAuts
  Temple: 31 daAuts
